 Dungeon Crawl Stone Soup version 0.29.0-11-gd7f09526c8 (webtiles) character file.

Game seed: 8364285906650781558

48 xian the Chopper (level 3, 0/29 HPs)
             Began as a Demonspawn Monk on Sept 6, 2022.
             Slain by a gnoll
             ... wielding a +0 whip
              (2 damage)
             ... on level 2 of the Dungeon.
             The game lasted 00:01:53 (1070 turns).

xian the Chopper (Demonspawn Monk)                  Turns: 1070, Time: 00:01:53

Health: 0/29       AC:  3    Str: 13    XL:     3   Next: 50%
Magic:  3/3        EV: 13    Int: 11    God:
Gold:   105        SH:  0    Dex: 15    Spells: 2/2 levels left

rFire   . . .      SeeInvis .   i - +1 dagger (venom)
rCold   . . .      Faith    .   (no shield)
rNeg    . . .      Spirit   .   b - +0 robe
rPois   .          Reflect  .   (no helmet)
rElec   .          Harm     .   g - +0 cloak
rCorr   .          Rampage  .   (no gloves)
Will    .....                   (no boots)
Stlth   ++........              f - amulet of the acrobat
HPRegen 0.09/turn               (no ring)
MPRegen 0.08/turn               (no ring)

@: no status effects
A: demonic touch 1
a: no special abilities


You were on level 2 of the Dungeon.
You visited 1 branch of the dungeon, and saw 2 of its levels.

You collected 105 gold pieces.

Inventory:

Hand Weapons
 i - a +1 dagger of venom (weapon)
Missiles
 j - 5 curare-tipped darts (quivered)
Armour
 b - a +0 robe (worn)
 g - a +0 cloak (worn)
Jewellery
 f - an amulet of the acrobat (around neck)
Scrolls
 h - a scroll of noise {unknown}
Potions
 a - a potion of degeneration {unknown}
 c - a potion of ambrosia
 d - a potion of curing {unknown}
 e - a potion of lignification {unknown}


   Skills:
 + Level 3.3 Fighting
 + Level 3.4 Axes
 + Level 3.1 Dodging
 + Level 2.0 Stealth


You had 2 spell levels left.
You didn't know any spells.
Your spell library was empty.

Dungeon Overview and Level Annotations

Branches:
Dungeon (2/15)

Altars:


Innate Abilities, Weirdness & Mutations

Your touch may inflict minor irresistible damage on your foes.


Message History

You miss the frilled lizard. The frilled lizard closely misses you.
You hit the frilled lizard.
You kill the frilled lizard!
You see here a frilled lizard corpse.
An adder comes into view.
Found a ring mail.
You see here 5 curare-tipped darts.
You see here 5 curare-tipped darts.
j - 5 curare-tipped darts The adder bites you but does no damage.
The adder barely misses you.
You hit the adder.
You touch the adder!
You kill the adder!
A gnoll comes into view. It is wielding a +0 whip.
The gnoll shouts!
You hear a shout!
A gnoll comes into view. It is wielding a +0 whip.
The gnoll shouts!
A gnoll comes into view. It is wielding a +0 whip.
The gnoll shouts!
You hear an angry hiss.
The gnoll hits you with a +0 whip!
You hit the gnoll but do no damage.
You touch the gnoll!
The gnoll is heavily wounded.
The gnoll hits you with a +0 whip!
You hit the gnoll.
The gnoll is poisoned.
The gnoll is severely wounded.
The gnoll hits you with a +0 whip.
You barely miss the gnoll.
The gnoll is severely wounded.
The gnoll hits you with a +0 whip!
* * * LOW HITPOINT WARNING * * *
You barely miss the gnoll. Your touch misses the gnoll.
The gnoll is almost dead.
The gnoll barely misses you.
You hit the gnoll.
The gnoll is almost dead.
You kill the gnoll!
You hit the gnoll.
The gnoll is poisoned.
Your touch misses the gnoll.
The gnoll is lightly wounded.
A ball python comes into view.
The gnoll hits you with a +0 whip.
You die...

#.# #†# .
#.#
#.########.#
......#....#
#..[.#####.#
#....S......
#....#.#####
.....##@#.#
##### #g# #
#g# #.# #.#
#.# ... #.#


You could see 2 gnolls and a ball python (wandering).

Vanquished Creatures
  A gnoll (D:2)
  An adder (D:2)
  3 ball pythons (D:1)
  A giant cockroach (D:1)
  4 goblins
  2 hobgoblins (D:1)
  3 jackals (D:1)
  2 kobolds (D:1)
  A quokka (D:1)
  3 bats (D:1)
  6 frilled lizards
  A rat (D:1)
28 creatures vanquished.

Vanquished Creatures (others)
  2 plants (D:1)
  5 toadstools (D:1)
7 creatures vanquished.

Grand Total: 35 creatures vanquished

Notes
Turn   | Place    | Note
-------+----------+-------------------------------------------
     0 | D:1      | xian the Demonspawn Monk began the quest for the Orb.
     0 | D:1      | Reached XP level 1. HP: 18/18 MP: 1/1
   154 | D:1      | Gained mutation: Your touch may inflict minor irresistible
                  | damage on your foes. [demonic ancestry]
   154 | D:1      | Reached XP level 2. HP: 4/24 MP: 2/2
  1034 | D:2      | Reached XP level 3. HP: 29/29 MP: 3/3
  1070 | D:2      | Slain by a gnoll

Illustrated notes

Levels and vault maps discovered:
D:1:      ldierk_walled_garden, layout_rooms
D:2:      minmay_chambers_of_ones, layout_loops_ring,
          hellmonk_ecumenical_altar_pennies_from_heaven, uniq_terence

Skill      XL: |  1  2 |
---------------+-------+-----
Axes           | 3 |  3.4
Dodging        | 3 |  3.1
Stealth        | 2 |  2.0
Fighting       | |  3.3

Action                   || total
-------------------------++-------
Melee: Hand axe          ||    53
       Punch             ||     1
       Dagger            ||    16
       Touch             ||     7
  Use: Potion            ||     1
 Stab: Sleeping          ||     4
Armor: Robe              ||    17
Dodge: Dodged            ||    65
